← All builds
Tech / Armada / Economy first / OBSERVED BUILD

Standard tech

Armada Tech (Eco) build order · Supreme Isthmus

Rushes T2 by 4:15, gets Advanced Metal Extractor around 5:28, hands off T2 constructors to Geo and the team, then scales eco and supplies the team's T2 needs through the rest of the game.

Usually first T2 con to Geo (83%)

#eco #t2 #team support · 1574 distinct matches · 255 players · 58% of Armada Tech games · team won 53% of 1868 · Recently observed

HOW TO PLAY IT

Key timing: T2 factory by 4:15

  1. Open 3 mex and heavy wind to fund a fast T2 rush.
  2. Put down Bot Lab, planning to eat it for reclaim soon after.
  3. Get Advanced Bot Lab up, hitting the T2 factory rush timing.
  4. Upgrade mex to Advanced Metal Extractor to lock in team metal income.
  5. Eat Advanced Bot Lab and keep sending cons to Geo and Pond.

Phase by phase

TYPICAL OF ITS 1574 GAMES
  1. 1
  2. 2
  3. 3
  4. 4
PLAY THE OPENING

Follow the example game's first 6:00 step by step: what to build now, what comes next, and where it goes. At 1× it keeps pace with your own game.

  1. 1

    Up to the Bot Lab

    Economy
    • Metal Extractor3Mex
    • Wind Turbine4Wind
    Order
    1. Bot LabBot Lab after 3 mex, 4 winddone ~1:18, middle half 1:13–1:32

    Some games also: energy storage (31%)

    By 1:01 in all: 3 mex · 4 wind

    The example game in this phase · 4 steps
    1. Mex ×3
    2. Wind ×4
    3. Energy storage
    4. Bot LabBot Labdone 1:31 · typical 1:18
  2. 2

    Bot Lab to Advanced Bot Lab

    Economy
    • Metal Extractor1Mex
    • Wind Turbine8Wind
    • Energy Storage1Energy storage
    Order
    1. Advanced Bot LabAdvanced Bot Lab after 4 mex, 12 wind, 3 con turretdone ~4:16, middle half 4:04–4:30
    Builders
    • Construction Turret3 Con turret
    • Lazarus3 Lazarus
    • Construction Bot2 Con bot
    • Construction Bot1 Con bot for allies

    Some games also: converter (36%)

    By 3:18 in all: 4 mex · 12 wind · 1 energy storage · 3 con turret

    The example game in this phase · 13 steps
    1. Construction BotCon bot
    2. Wind
    3. LazarusLazarus ×2
    4. Construction BotCon bot
    5. Mex
    6. LazarusLazarus
    7. Con turret
    8. Wind ×4
    9. Con turret
    10. Wind ×3
    11. Con turret
    12. Wind ×2
    13. Advanced Bot LabAdvanced Bot Labdone 4:17 · typical 4:16
  3. 3

    Advanced Bot Lab to 5:00

    Economy
    • Wind Turbine3Wind
    Order
    1. Bot LabEat Bot Lab
    Builders
    • Advanced Construction Bot1 T2 con bot for allies

    Some games also: converter (35%)

    By 5:00 in all: 4 mex · 15 wind · 1 converter · 1 energy storage · 3 con turret

    The example game in this phase · 11 steps
    1. Bot LabEat Bot Labreclaimed for its metal
    2. Wind
    3. Converter
    4. Wind
    5. Converter ×2
    6. Wind
    7. SharpshooterSniper botdone 5:33
    8. Converter
    9. Solar
    10. Wind ×2
    11. Converter
  4. 4

    5:00 to 10:00

    Economy
    • Wind Turbine43Wind
    • Energy Converter6Converter
    Builders
    • Butler9 Butler
    • Advanced Construction Bot4 T2 con bot for allies
    • Advanced Construction Bot1 T2 con bot

    Some games also: con turret (43%) · Butler for allies (37%)

    By 10:00 in all: 4 mex · 58 wind · 8 converter · 1 energy storage · 3 con turret

    The example game in this phase · 148 steps
    1. Wind
    2. Converter
    3. Mex
    4. Converter
    5. Wind
    6. Advanced Construction BotT2 con botfor Geo
    7. Converter
    8. Wind
    9. Solar
    10. Converter
    11. Advanced Metal ExtractorT2 mexdone 7:58 · typical 5:29
    12. LazarusLazarus
    13. Converter
    14. Wind
    15. Advanced Construction BotT2 con botfor Air
    16. CenturionCenturionfor Geo
    17. Solar
    18. Wind
    19. Mex
    20. Wind
    21. Converter
    22. Advanced Metal ExtractorT2 mex ×2
    23. Wind ×3
    24. Advanced Construction BotT2 con botfor Geo sea
    25. Wind
    26. ButlerButler ×2
    27. Wind
    28. Advanced Metal ExtractorT2 mex
    29. Advanced Construction BotT2 con botfor Beach sea
    30. Wind
    31. Advanced Construction BotT2 con botfor Pond
    32. Wind
    33. Advanced Construction BotT2 con bot
    34. ButlerButler
    35. Wind
    36. ButlerButler
    37. Wind
    38. ButlerButler
    39. Wind
    40. ButlerButler ×2
    41. Wind
    42. ButlerButler
    43. Wind ×2
    44. ButlerButler ×2
    45. Windfor Geo
    46. Converter
    47. ButlerButler
    48. Windfor Geo
    49. Wind
    50. ButlerButler
    51. Wind ×2
    52. Windfor Geo
    53. Wind
    54. Converter
    55. Windfor Geo
    56. Wind ×6
    57. Converter
    58. Wind ×6
    59. PlatypusPlatypus
    60. Wind ×4
    61. Converter
    62. PlatypusPlatypus
    63. Wind ×4
    64. PlatypusPlatypus
    65. Wind ×3
    66. Converter
    67. Wind
    68. Windfor Geo
    69. PlatypusPlatypus
    70. Wind ×3
    71. Windfor Geo
    72. PlatypusPlatypus
    73. Converter
    74. Wind ×3
    75. CitadelAnti-nukedone 14:38
    76. Windfor Geo
    77. PlatypusPlatypus
    78. Wind
    79. Converter
    80. Con turret
    81. Wind ×3
    82. Windfor Geo
    83. Wind
    84. PlatypusPlatypus
    85. Wind
    86. Converter
    87. Wind ×4
    88. PlatypusPlatypus
    89. Wind ×3
    90. Converter
    91. Wind ×5
    92. PlatypusPlatypus
    93. Wind
    94. Converter
    95. Wind ×4
    96. Converter
    97. PlatypusPlatypus
    98. Wind ×7
    99. Converter
    100. Wind ×6
    101. Advanced Construction BotT2 con botfor Geo
    102. Wind
    103. Converter
    104. Wind ×9
    105. Converter
    106. Wind ×4
    107. Con turret
    108. Wind ×2
    109. Converter
    110. Wind ×4
    111. ButlerButler
    112. Wind ×4
    113. Converter
    114. Wind ×2
    115. ButlerButler
    116. Wind ×2
    117. Con turret
    118. Wind ×2
    119. ButlerButler
    120. Wind
    121. Converter
    122. Wind ×4
    123. Con turret
    124. Wind
    125. ButlerButler
    126. Wind ×3
    127. Converter
    128. Wind ×3
    129. ButlerButler
    130. Wind ×2
    131. ButlerButler
    132. Wind
    133. Converter
    134. Wind ×7
    135. Converter
    136. Wind ×9
    137. Converter
    138. Wind ×5
    139. Aircraft PlantAircraft Plantdone 14:41
    140. Wind ×4
    141. Converter
    142. Wind
    143. Construction AircraftCon aircraft
    144. Aircraft PlantAircraft Plantdone 14:53
    145. Wind ×7
    146. Converter
    147. Wind ×10
    148. Con turret

Counts are medians over the build's games: half of them build more, half fewer. The example game is RiskyDonut's (33 OS, 11/10/2026); pick another.

Team trades

IN AT LEAST 30% OF ITS GAMES

You hand over

  • Construction Bot1 Con bot to Airfirst at 2:24 · in 84% of games
  • Advanced Construction Bot5 T2 con bot to Air or Geo sea or Pondfirst at 4:50 · in 99% of games
  • Butler2 Butler to Geo sea or Beach sea or Pondfirst at 9:07 · in 42% of games

You get

  • Hercules1 Light transport from Airfirst at 4:01 · in 86% of games

How it plays out

Typical game of this build, running totals by minute

Metal produced

020k40k
0:005:0010:0015:00

metal

Enemy metal destroyed

050100
0:005:0010:0015:00

metal

Own metal lost

050100150
0:005:0010:0015:00

metal

1868 games.

Show as table
ByMetal produced: This buildEnemy metal destroyed: This buildOwn metal lost: This build
1:0038300
2:0091500
3:00165100
4:00314300
5:00484800
6:00580000
7:00722700
8:00906100
9:001116900
10:001350200
11:001623900
12:001965200
13:002344100
14:0027357074
15:003153885130
WHAT THE NUMBERS SAY

Standard Tech play barely fights at all early, instead pouring metal into T2 infrastructure and constructors for the team.

  • + Metal produced hits 31679 by 15:00, by far the highest of any role here.
  • + T2 factory reached in 97% of games by 4:15, fastest and most reliable T2 timing.
  • − Enemy metal destroyed stays at 0 through 10:00, no early offense at all.
  • − Own metal lost also near 0, showing total avoidance of combat risk.
THE EXAMPLE YOU ARE READING

RiskyDonut

32.6 OS · 11/10/2026

Open source match ↗

15 received units
1242 metal received · 84284 energy received

Allied construction assistance is unknown. Timings are observations, not a promise of solo reproducibility.

Typical milestones

Bot Lab1:18Middle 50%: 1:13–1:32 · n=1868
Advanced Bot Lab4:16Middle 50%: 4:04–4:30 · n=1861
Advanced Metal Extractor5:29Middle 50%: 5:06–5:59 · n=1864

Played most by

Amrissa93games of this buildTheGeneraI66games of this buildAdeus57games of this buildEl_Turco56games of this buildKOT_43games of this build